 Dungeon Crawl Stone Soup version 0.24.0-123-gd5b16e6ec5 (webtiles) character file.

Game seed: 2883248312837537986, levelgen mode: deterministic

348 Mesmaeker13 the Ducker (level 6, -2/51 HPs)
             Began as a Demigod Skald on Jan 3, 2020.
             Slain by a centaur (3 damage)
             ... on level 5 of the Dungeon.
             The game lasted 00:09:16 (5414 turns).

Mesmaeker13 the Ducker (Demigod Skald)              Turns: 5414, Time: 00:09:17

Health: -2/51      AC:  5    Str: 23    XL:     6   Next: 10%
Magic:  11/11      EV: 12    Int: 17    God:
Gold:   206        SH:  5    Dex: 15    Spells: 7/8 levels left

rFire    x . .     SeeInvis .   a - +0 falchion
rCold    + . .     Gourm    .   k - +1 buckler
rNeg     . . .     Faith    .   s - +0 ring mail
rPois    .         Spirit   .   (no helmet)
rElec    .         Reflect  .   (no cloak)
rCorr    .         Harm     .   (no gloves)
MR       +....                  (no boots)
Stlth    +.........             (no amulet)
HPRegen  0.17/turn              e - ring of ice
MPRegen  0.12/turn              b - ring of protection from magic

@: mighty, very slow
A: high mp 1
a: no special abilities


You were on level 5 of the Dungeon.
You were not hungry.

You visited 1 branch of the dungeon, and saw 5 of its levels.

You collected 206 gold pieces.

Inventory:

Hand Weapons
 a - a +0 falchion (weapon)
 u - a +1 dagger of protection
Missiles
 l - 14 poisoned darts (quivered)
Armour
 k - a +1 buckler (worn)
 s - a +0 ring mail (worn)
Jewellery
 b - a ring of protection from magic (right hand)
 e - a ring of ice (left hand)
Scrolls
 g - a scroll of teleportation
 h - a scroll of fear {unknown}
 j - 2 scrolls of enchant armour
 m - a scroll of blinking {unknown}
 o - 4 scrolls of remove curse
 p - 2 scrolls of magic mapping {unknown}
 q - a scroll of immolation {unknown}
Potions
 c - a potion of might
 f - a potion of heal wounds {unknown}
 i - 2 potions of curing
 n - a potion of degeneration {unknown}
 t - a potion of ambrosia {unknown}
Comestibles
 d - 6 rations
 r - 2 chunks of flesh


   Skills:
 + Level 3.1 Fighting
 + Level 3.2 Long Blades
 + Level 2.6 Armour
 + Level 3.2 Dodging
 + Level 2.0 Shields
 - Level 1.7 Spellcasting
 - Level 2.6 Charms


You had 7 spell levels left.
You knew the following spells:

 Your Spells              Type           Power        Failure   Level  Hunger
a - Infusion              Chrm           ##..         14%         1    #......

Your spell library contained the following spells:

 Spells                   Type           Power        Failure   Level  Hunger
 Song of Slaying          Chrm           ##......     21%         2    ###....
 Shroud of Golubria       Chrm/Tloc      #.....       34%         2    ###....
 Regeneration             Chrm/Necr      #.........   56%         3    ###....
 Spectral Weapon          Hex/Chrm       #.......     56%         3    ###....


Dungeon Overview and Level Annotations

Branches:
Dungeon (5/15)             Temple (0/1) D:5

Annotations:
D:4 Menkaure
D:5 Edmund, Pikel, Sigmund


Innate Abilities, Weirdness & Mutations

You have an increased reservoir of magic. (+10% MP)


Message History

The centaur hits you. The giant cockroach closely misses you.
You riposte.
You closely miss the giant cockroach.
The giant cockroach is almost dead.
The worm splashes around in the water.
Pikel splashes around in the water.
The centaur hits you but does no damage.
You closely miss the giant cockroach.
The giant cockroach is almost dead.
The giant cockroach closely misses you. The centaur completely misses you.
Pikel splashes around in the water.
The worm splashes around in the water.
The giant cockroach barely misses you.
Your unstable footing causes you to fumble your attack.
The centaur hits you!
* * * LOW HITPOINT WARNING * * *
Pikel closely misses you. You block the centaur's attack.
The giant cockroach closely misses you. The worm bites you!
* * * LOW HITPOINT WARNING * * *
Your unstable footing causes you to fumble your attack.
You block the centaur's attack.
Pikel splashes around in the water.
You block the giant cockroach's attack. The centaur hits you.
You die...

#......###.......#.##...
##....###....#######....
##.###≈###### #....c ##
≈≈≈ ##K>p. ≈≈≈ ##....
#≈# ###..... #r#
##......) #s# #.(.#....
##@## ##.##..#.


#cwK# #(###.## #≈p≈# #.# #### ##p###### ##.# # #.#....###..# #...##.....##
############ You could see Pikel, 2 slaves, a centaur, a worm, a giant cockroach
and a rat.

Vanquished Creatures
  A scorpion (D:4)
  A howler monkey (D:4)
  A crimson imp (D:5)
  3 iguanas (D:5)
  A hound skeleton (D:5)
  An adder (D:3)
  A shadow imp (D:5)
  An ooze (D:2)
  An adder zombie (D:5)
  4 dart slugs
  2 worms (D:2)
  4 leopard geckos
  2 orcs
  2 ball pythons
  9 giant cockroaches
  10 goblins
  12 hobgoblins
  A jackal (D:2)
  2 quokkas
  8 bats
  3 frilled lizards
  13 kobolds
  A quokka skeleton (D:5)
  15 rats
  A toadstool (D:1)
100 creatures vanquished.

Vanquished Creatures (others)
  3 toadstools (D:1)
3 creatures vanquished.

Grand Total: 103 creatures vanquished

Notes
Turn   | Place    | Note
-------+----------+-------------------------------------------
     0 | D:1      | Mesmaeker13 the Demigod Skald began the quest for the Orb.
     0 | D:1      | Reached XP level 1. HP: 17/17 MP: 5/5
   373 | D:1      | Reached skill level 1 in Armour
   770 | D:1      | Reached XP level 2. HP: 22/24 MP: 7/7
  1574 | D:1      | Reached XP level 3. HP: 11/29 MP: 8/8
  3125 | D:2      | Reached XP level 4. HP: 33/37 MP: 9/9
  4489 | D:4      | Noticed Menkaure
  4600 | D:4      | Reached skill level 1 in Shields
  4600 | D:4      | Reached XP level 5. HP: 29/42 MP: 10/10
  4803 | D:5      | Entered Level 5 of the Dungeon
  5020 | D:5      | Noticed Sigmund
  5099 | D:5      | Found a staircase to the Ecumenical Temple.
  5163 | D:5      | Noticed a centaur
  5180 | D:5      | Reached XP level 6. HP: 15/51 MP: 4/11
  5337 | D:5      | Noticed Pikel
  5347 | D:5      | Noticed Edmund
  5413 | D:5      | HP: 1/51 [worm (10)]
  5414 | D:5      | Slain by a centaur

Levels and vault maps discovered:
D:1:      ldierk_water_garden, layout_rooms, chequers_avenue
D:2:      minmay_angry_zag, layout_basic, serial_curves, eino_curves_01,
          eino_curves_01
D:3:      layout_loops_ring
D:4:      minmay_bubble_buster, layout_loops_cross, uniq_grinder, uniq_menkaure
D:5:      layout_cave_pools, minmay_temple_entry_junction_2, first_ration,
          gup_sewer_entry_bubbles, uniq_edmund, uniq_pikel, uniq_sigmund

Skill      XL: |  1  2  3  4  5  6 |
---------------+-------------------+-----
Armour         | 1 2 |  2.6
Fighting       | 2 3 |  3.1
Long Blades    | 2 3 |  3.2
Dodging        | 2 3 |  3.2
Shields        | 1 2 |  2.0
Spellcasting   | |  1.7
Charms         | |  2.6

Action                   |  1- 3 |  4- 6 || total
-------------------------+-------+-------++-------
Melee: Falchion          |   202 |   188 ||   390
Throw: Dart              |     7 |     5 ||    12
 Cast: Infusion          |       |    12 ||    12
  Use: Scroll            |       |     7 ||     7
       Potion            |       |     2 ||     2
 Stab: Sleeping          |     2 |       ||     2
  Eat: Chunk             |     7 |     5 ||    12
       Ration            |       |     1 ||     1
Armor: Leather armour    |    57 |    25 ||    82
       Ring mail         |       |    26 ||    26
Dodge: Dodged            |   136 |   144 ||   280
Block: Buckler           |    10 |    58 ||    68
       Rpst.: Falchion   |    50 |    47 ||    97
